Lightning vs Islanders
Created - February 3, 2021 at 19:02
Goals
|
| Lightning |
1 |
1 |
1 |
3 |
| Islanders |
0 |
0 |
1 |
1 |
|
Shots
|
| Lightning |
1 |
12 |
22 |
35 |
| Islanders |
3 |
9 |
6 |
18 |
|
1st period
1. Lightning , Alexander Wennberg 3 (Niclas Bergfors 13, Clarke MacArthur 4) at 16:36
Penalties :
Ryan Ellis (NYI) for Holding Stick (Minor) at 2:00, Alexander Wennberg (TB.) for Kneeing (Minor) at 9:46, Kevin Marshall (TB.) for Tripping (Minor) at 14:07
2nd period
2. Lightning , Henrik Zetterberg 22 (Mark Scheifele 36, Rickard Rakell 20) at 9:31 (PP)
Penalties :
Evander Kane (NYI) for Interference (Minor) at 9:22, Henrik Zetterberg (TB.) for Hooking (Minor) at 16:08
3rd period
3. Lightning , Henrik Zetterberg 23 (Rasmus Ristolainen 23, Mark Scheifele 37) at 1:49 (PP)
4. Islanders , Tomas Fleischmann 12 (Mike Brown 10) at 4:54
Penalties :
Maxim Talbot (NYI) for Holding (Minor) at 0:58, Evander Kane (NYI) for Roughing (Minor) at 7:23, T.J. Fast (NYI) for High sticking (Minor) at 13:27, Sam Gagner (TB.) for Roughing (Minor) at 17:30
Goalie Stats
Philipp Grubauer (TB.), 17 saves from 18 shots - (0.944), W, 19-14-3, 60:00 minutes
Jonathan Quick (NYI), 32 saves from 35 shots - (0.914), L, 21-12-3, 60:00 minutes
Players Stats for Lightning
Player Name G A P +/- PIM S H SB GA TA FO MP PP MP PK MP
------------------------------------------------------------------------------------
Alexander Wennberg 1 0 1 1 2 3 0 1 0 0 5/14 15:42 2:45 0:00
Ben Lovejoy 0 0 0 0 0 1 0 1 0 0 0/0 18:16 0:35 3:26
Bobby Ryan 0 0 0 -1 0 4 1 0 1 0 1/1 14:23 0:45 1:58
Brock McGinn 0 0 0 -1 0 1 1 0 0 0 1/2 14:32 2:34 0:07
Clarke MacArthur 0 1 1 0 0 2 3 0 0 0 0/0 8:35 0:32 1:38
Henrik Zetterberg 2 0 2 0 2 6 5 1 0 0 1/1 20:38 3:16 3:30
Jean-Gabriel Pageau 0 0 0 -1 0 3 2 0 0 2 10/14 15:40 0:21 3:09
Jesper Fast 0 0 0 0 0 0 2 1 0 1 0/0 7:24 0:43 0:00
Jon Merrill 0 0 0 0 0 1 2 2 1 1 0/0 25:52 4:13 4:30
Justin Schultz 0 0 0 0 0 1 0 0 0 0 0/0 19:44 2:09 3:26
Kevin Marshall 0 0 0 0 2 0 0 0 1 1 0/0 14:45 0:35 0:00
Ladislav Smid 0 0 0 1 0 3 2 1 0 0 0/0 21:05 2:09 4:30
Mark Scheifele 0 2 2 0 0 1 2 2 1 0 17/27 21:49 3:19 4:40
Niclas Bergfors 0 1 1 1 0 2 2 1 0 1 0/0 15:45 2:45 0:00
Rasmus Ristolainen 0 1 1 -1 0 4 2 0 2 0 0/0 20:39 4:13 0:00
Rickard Rakell 0 1 1 0 0 0 2 0 0 0 1/2 17:14 3:16 0:00
Sam Gagner 0 0 0 1 2 2 1 0 0 1 0/0 13:20 0:00 0:43
Stephen Weiss 0 0 0 0 0 1 1 1 0 0 1/2 6:37 0:35 0:07
Players Stats for Islanders
Player Name G A P +/- PIM S H SB GA TA FO MP PP MP PK MP
------------------------------------------------------------------------------------
David Legwand 0 0 0 1 0 1 0 0 1 0 7/16 18:35 4:00 1:48
Dustin Byfuglien 0 0 0 -1 0 0 0 1 0 0 0/0 10:18 0:00 0:00
Evander Kane 0 0 0 0 4 6 3 1 0 0 0/0 21:43 3:56 2:16
Fedor Tyutin 0 0 0 0 0 0 1 2 0 1 0/0 26:55 4:57 3:32
Jay Bouwmeester 0 0 0 1 0 2 1 2 0 1 0/0 19:38 2:59 2:28
Jiri Hudler 0 0 0 0 0 0 0 0 0 1 0/2 14:24 0:00 2:15
Joe Thornton 0 0 0 0 0 1 1 0 0 0 14/25 20:12 3:56 0:34
Justin Falk 0 0 0 -1 0 0 2 2 0 0 0/0 12:07 0:00 1:44
Maxim Talbot 0 0 0 0 2 1 2 0 0 0 0/1 11:57 0:00 0:30
Mike Brown 0 1 1 1 0 1 1 1 1 0 1/3 17:08 4:00 0:00
R.J. Umberger 0 0 0 0 0 0 0 0 0 0 1/1 11:51 0:00 0:44
Ryan Ellis 0 0 0 0 2 1 4 3 1 1 0/0 29:07 4:57 3:32
T.J. Fast 0 0 0 1 2 0 1 3 1 2 0/0 18:40 2:59 1:41
Tomas Fleischmann 1 0 1 1 0 2 0 0 1 0 0/0 16:59 4:00 0:02
Tomas Kundratek 0 0 0 0 0 0 0 0 0 0 0/0 3:25 0:00 0:57
Tomas Plekanec 0 0 0 -1 0 0 1 1 0 0 1/1 5:49 0:00 0:00
Vladimir Tarasenko 0 0 0 -1 0 3 2 1 2 0 2/14 26:44 3:56 4:08
Zac Rinaldo 0 0 0 -1 0 0 1 0 0 0 0/0 7:26 0:00 1:37
3 Stars
1 - Henrik Zetterberg (TB.)
2 - Mark Scheifele (TB.)
3 - Niclas Bergfors (TB.)
Power Play
Lightning - 2 on 5 Attempt(s) - 40.00%
Islanders - 0 on 4 Attempt(s) - 0.00%
Penalty Kill
Lightning - 4 on 4 Attempt(s) - 100.00%
- Score 0 goal in Penalty Kill
Islanders - 3 on 5 Attempt(s) - 60.00%
- Score 0 goal in Penalty Kill
Team Stat
Lightning - Hits : 28 - Faceoff Wins : 37 - Blocked Shots : 11 - Penalty Minutes : 8
Islanders - Hits : 20 - Faceoff Wins : 26 - Blocked Shots : 17 - Penalty Minutes : 10
Official
Referees : Unknown
Linesman : Unknown
Game Notes
0:12 of 2nd period - Lightning goal is going for a video replay. After video review, No Goal. The puck has been kicked using a distinct kicking motion.
Finance
Level 1 -- Attendance: 4997 (83.28%) -- Ticket Income $574,655
Level 2 -- Attendance: 4630 (92.60%) -- Ticket Income $300,950
Level 3 -- Attendance: 1543 (77.15%) -- Ticket Income $69,435
Level 4 -- Attendance: 3034 (75.85%) -- Ticket Income $106,190
Luxury Box -- Attendance: 773 (77.30%) -- Ticket Income $154,600
Game was played at the Barclay center.
Total Attendance: 14977 (83.21%)
Total Ticket Income: $1,205,830
Other Income: $180,874
Total Income: $1,386,704
Lightning
5 vs 5 Forward
Center Left Wing Right Wing Time % Phy DF OF
1 Mark Scheifele Henrik Zetterberg Rickard Rakell 35 0 2 3
2 Alexander Wennberg Sam Gagner Niclas Bergfors 30 1 1 3
3 Jean-Gabriel Pageau Brock McGinn Bobby Ryan 30 1 1 3
4 Stephen Weiss Clarke MacArthur Jesper Fast 5 1 2 2
5 vs 5 Defense
Defense Defense Time % Phy DF OF
1 Jon Merrill Rasmus Ristolainen 35 0 2 3
2 Ben Lovejoy Justin Schultz 30 1 2 2
3 Ladislav Smid Kevin Marshall 30 1 2 2
4 Jon Merrill Rasmus Ristolainen 5 1 2 2
PowerPlay Forward
Center Left Wing Right Wing Time % Phy DF OF
1 Mark Scheifele Henrik Zetterberg Rickard Rakell 60 0 1 4
2 Alexander Wennberg Brock McGinn Niclas Bergfors 40 0 1 4
PowerPlay Defense
Defense Defense Time % Phy DF OF
1 Jon Merrill Rasmus Ristolainen 60 0 1 4
2 Justin Schultz Ladislav Smid 40 1 1 3
Penalty Kill 4 Players Forward
Center Wing Time % Phy DF OF
1 Mark Scheifele Henrik Zetterberg 60 1 3 1
2 Jean-Gabriel Pageau Bobby Ryan 40 1 3 1
Penalty Kill 4 Players Defense
Defense Defense Time % Phy DF OF
1 Ladislav Smid Jon Merrill 60 1 3 1
2 Ben Lovejoy Justin Schultz 40 1 3 1
Penalty Kill - 3 Players Forward
Forward Time % Phy DF OF
1 Mark Scheifele 60 1 3 1
2 Jean-Gabriel Pageau 40 1 3 1
Penalty Kill - 3 Players Defense
Defense Defense Time % Phy DF OF
1 Ladislav Smid Jon Merrill 60 1 3 1
2 Ben Lovejoy Justin Schultz 40 1 3 1
4 vs 4 Forward
Center Wing Time % Phy DF OF
1 Mark Scheifele Rickard Rakell 60 1 2 2
2 Alexander Wennberg Henrik Zetterberg 40 1 2 2
4 vs 4 Defense
Defense Defense Time % Phy DF OF
1 Jon Merrill Rasmus Ristolainen 60 1 2 2
2 Ben Lovejoy Justin Schultz 40 1 2 2
Last Minutes Offensive
Center Left Wing Right Wing Defense Defense
Mark Scheifele Henrik Zetterberg Rickard Rakell Rasmus Ristolainen Justin Schultz
Last Minutes Defensive
Center Left Wing Right Wing Defense Defense
Jean-Gabriel Pageau Henrik Zetterberg Bobby Ryan Ben Lovejoy Jon Merrill
Goaltenders
Starting : Philipp Grubauer
Backup : Jhonas Enroth
Extra Forwards
Normal : Clarke MacArthur, Jesper Fast, Henrik Zetterberg - PP : Stephen Weiss, Bobby Ryan - PK : Henrik Zetterberg
Extra Defensemen
Normal : Jon Merrill, Rasmus Ristolainen, Justin Schultz - PP : Ladislav Smid - PK : Justin Schultz, Kevin Marshall
Penalty Shots
Mark Scheifele, Henrik Zetterberg, Niclas Bergfors, Rickard Rakell, Brock McGinn
Scratches
Jeff Tambellini (Healthy), Jordin Tootoo (Healthy), Brian Flynn (Healthy)
Islanders
5 vs 5 Forward
Center Left Wing Right Wing Time % Phy DF OF
1 Joe Thornton Evander Kane Vladimir Tarasenko 40 1 2 2
2 David Legwand Tomas Fleischmann Mike Brown 30 1 2 2
3 Maxim Talbot R.J. Umberger Jiri Hudler 20 1 2 2
4 Tomas Plekanec Zac Rinaldo Vladimir Tarasenko 10 1 2 2
5 vs 5 Defense
Defense Defense Time % Phy DF OF
1 Ryan Ellis Fedor Tyutin 40 1 2 2
2 Jay Bouwmeester T.J. Fast 30 1 2 2
3 Dustin Byfuglien Justin Falk 20 1 2 2
4 Tomas Kundratek Ryan Ellis 10 1 2 2
PowerPlay Forward
Center Left Wing Right Wing Time % Phy DF OF
1 Joe Thornton Evander Kane Vladimir Tarasenko 60 1 2 2
2 David Legwand Tomas Fleischmann Mike Brown 40 1 2 2
PowerPlay Defense
Defense Defense Time % Phy DF OF
1 Ryan Ellis Fedor Tyutin 60 1 2 2
2 Jay Bouwmeester T.J. Fast 40 1 2 2
Penalty Kill 4 Players Forward
Center Wing Time % Phy DF OF
1 Vladimir Tarasenko Evander Kane 60 1 2 2
2 Joe Thornton David Legwand 40 1 2 2
Penalty Kill 4 Players Defense
Defense Defense Time % Phy DF OF
1 Ryan Ellis Fedor Tyutin 60 1 2 2
2 Jay Bouwmeester T.J. Fast 40 1 2 2
Penalty Kill - 3 Players Forward
Forward Time % Phy DF OF
1 Vladimir Tarasenko 60 1 2 2
2 Evander Kane 40 1 2 2
Penalty Kill - 3 Players Defense
Defense Defense Time % Phy DF OF
1 Ryan Ellis Fedor Tyutin 60 1 2 2
2 Jay Bouwmeester T.J. Fast 40 1 2 2
4 vs 4 Forward
Center Wing Time % Phy DF OF
1 Vladimir Tarasenko Evander Kane 60 1 2 2
2 Joe Thornton David Legwand 40 1 2 2
4 vs 4 Defense
Defense Defense Time % Phy DF OF
1 Ryan Ellis Fedor Tyutin 60 1 2 2
2 Jay Bouwmeester T.J. Fast 40 1 2 2
Last Minutes Offensive
Center Left Wing Right Wing Defense Defense
Joe Thornton Evander Kane Vladimir Tarasenko Ryan Ellis Fedor Tyutin
Last Minutes Defensive
Center Left Wing Right Wing Defense Defense
Joe Thornton Evander Kane Vladimir Tarasenko Ryan Ellis Fedor Tyutin
Goaltenders
Starting : Jonathan Quick
Backup : Julien Ellis
Extra Forwards
Normal : R.J. Umberger, Maxim Talbot, Jiri Hudler - PP : R.J. Umberger, Maxim Talbot - PK : Jiri Hudler
Extra Defensemen
Normal : Dustin Byfuglien, Justin Falk, Tomas Kundratek - PP : Dustin Byfuglien - PK : Justin Falk, Tomas Kundratek
Penalty Shots
Vladimir Tarasenko, Evander Kane, Joe Thornton, David Legwand, Tomas Fleischmann
Scratches
Adam Pineault (Healthy), Carl Klingberg (Healthy)
% Time on Ice - Lightning
Lines # - Real PCT - Wanted PCT - Time Play
Normal Forward
1 - 32% - 35% - 14:34
2 - 29% - 30% - 13:12
3 - 26% - 30% - 11:40
4 - 13% - 5% - 5:41
Normal Defense
1 - 37% - 35% - 16:53
2 - 31% - 30% - 14:09
3 - 31% - 30% - 13:49
4 - 1% - 5% - 0:16
PP Forward
1 - 52% - 60% - 3:37
2 - 48% - 40% - 3:20
PP Defense
1 - 69% - 60% - 4:48
2 - 31% - 40% - 2:09
PK Forward
1 - 75% - 60% - 5:58
2 - 25% - 40% - 1:58
PK Defense
1 - 57% - 60% - 4:30
2 - 43% - 40% - 3:26
PK3 Forward
1 - 0% - 60%
2 - 0% - 40%
PK3 Defense
1 - 0% - 60%
2 - 0% - 40%
44 Forward
1 - 0% - 60%
2 - 0% - 40%
44 Defense
1 - 0% - 60%
2 - 0% - 40%
Last Minute Offensive - 0:00
Last Minute Defensive - 0:00
Total
Forward - 60:00
Defense - 60:00
|
% Time on Ice - Islanders
Lines # - Real PCT - Wanted PCT - Time Play
Normal Forward
1 - 35% - 40% - 15:48
2 - 29% - 30% - 13:07
3 - 23% - 20% - 10:23
4 - 13% - 10% - 5:49
Normal Defense
1 - 40% - 40% - 18:10
2 - 31% - 30% - 14:11
3 - 23% - 20% - 10:18
4 - 5% - 10% - 2:28
PP Forward
1 - 50% - 60% - 3:56
2 - 50% - 40% - 4:00
PP Defense
1 - 62% - 60% - 4:57
2 - 38% - 40% - 2:59
PK Forward
1 - 83% - 60% - 5:48
2 - 17% - 40% - 1:09
PK Defense
1 - 65% - 60% - 4:29
2 - 35% - 40% - 2:28
PK3 Forward
1 - 0% - 60%
2 - 0% - 40%
PK3 Defense
1 - 0% - 60%
2 - 0% - 40%
44 Forward
1 - 0% - 60%
2 - 0% - 40%
44 Defense
1 - 0% - 60%
2 - 0% - 40%
Last Minute Offensive - 0:00
Last Minute Defensive - 0:00
Total
Forward - 60:00
Defense - 60:00
|
Play-by-Play
1st period
0:01 of 1st period - Joe Thornton wins face-off versus Mark Scheifele in neutral zone.
0:06 of 1st period - Wrist shot by Vladimir Tarasenko.
0:06 of 1st period - Shot Misses the Net.
0:08 of 1st period - Slapshot by Ryan Ellis.
0:08 of 1st period - Stopped by Philipp Grubauer without a rebound.
0:09 of 1st period - Henrik Zetterberg wins face-off versus Vladimir Tarasenko in Lightning zone.
2:00 of 1st period - Minor Penalty to Ryan Ellis for Holding Stick.
2:01 of 1st period - Alexander Wennberg wins face-off versus Jiri Hudler in Islanders zone.
2:03 of 1st period - Slapshot by Brock McGinn.
2:03 of 1st period - Shot Blocked by T.J. Fast.
2:05 of 1st period - Snap shot by Niclas Bergfors.
2:05 of 1st period - Shot Misses the Net.
2:07 of 1st period - Slapshot by Justin Schultz.
2:07 of 1st period - Shot Misses the Net.
2:09 of 1st period - Slapshot by Justin Schultz.
2:09 of 1st period - Shot Misses the Net.
2:11 of 1st period - Slapshot by Ladislav Smid.
2:11 of 1st period - Shot Misses the Net.
2:53 of 1st period - Tomas Kundratek is hit by Bobby Ryan and loses puck.
3:31 of 1st period - Maxim Talbot is hit by Clarke MacArthur and loses puck.
3:52 of 1st period - Jay Bouwmeester is hit by Jon Merrill and loses puck.
4:00 of 1st period - Penalty to Ryan Ellis is over, Ryan Ellis is back on ice.
4:07 of 1st period - Tomas Fleischmann is hit by Stephen Weiss and loses puck.
4:20 of 1st period - Jean-Gabriel Pageau is hit by Tomas Plekanec and loses puck.
4:55 of 1st period - Jesper Fast is hit by Ryan Ellis and loses puck.
5:32 of 1st period - Zac Rinaldo is hit by Niclas Bergfors and loses puck.
7:23 of 1st period - David Legwand is hit by Mark Scheifele and loses puck.
9:46 of 1st period - Minor Penalty to Alexander Wennberg for Kneeing.
9:47 of 1st period - Mark Scheifele wins face-off versus Vladimir Tarasenko in Lightning zone.
10:01 of 1st period - Snap shot by Evander Kane.
10:01 of 1st period - Stopped by Philipp Grubauer without a rebound.
10:02 of 1st period - Mark Scheifele wins face-off versus Mike Brown in Lightning zone.
10:55 of 1st period - Evander Kane is hit by Ladislav Smid and loses puck.
11:46 of 1st period - Penalty to Alexander Wennberg is over, Alexander Wennberg is back on ice.
12:12 of 1st period - Wrist shot by Alexander Wennberg.
12:12 of 1st period - Shot Blocked by Justin Falk.
12:56 of 1st period - Jean-Gabriel Pageau is hit by T.J. Fast and loses puck.
13:19 of 1st period - Clarke MacArthur is hit by Vladimir Tarasenko and loses puck.
13:30 of 1st period - Mike Brown is hit by Henrik Zetterberg and loses puck.
14:07 of 1st period - Minor Penalty to Kevin Marshall for Tripping.
14:08 of 1st period - Mark Scheifele wins face-off versus David Legwand in Lightning zone.
14:17 of 1st period - Fedor Tyutin is hit by Ladislav Smid and loses puck.
14:24 of 1st period - T.J. Fast is hit by Henrik Zetterberg and loses puck.
14:50 of 1st period - Snap shot by Bobby Ryan.
14:50 of 1st period - Shot Blocked by T.J. Fast.
15:13 of 1st period - Icing by Fedor Tyutin.
15:14 of 1st period - Joe Thornton wins face-off versus Mark Scheifele in Islanders zone.
15:45 of 1st period - Mike Brown is hit by Jon Merrill and loses puck.
16:07 of 1st period - Penalty to Kevin Marshall is over, Kevin Marshall is back on ice.
16:36 of 1st period - Snap shot by Alexander Wennberg.
16:36 of 1st period - Goal by Alexander Wennberg - Lightning : 1 - Islanders : 0.
16:37 of 1st period - David Legwand wins face-off versus Alexander Wennberg in neutral zone.
16:40 of 1st period - Slapshot by Tomas Fleischmann.
16:40 of 1st period - Stopped by Philipp Grubauer without a rebound.
16:41 of 1st period - Alexander Wennberg wins face-off versus David Legwand in Lightning zone.
17:07 of 1st period - Evander Kane is hit by Brock McGinn and loses puck.
18:41 of 1st period - Icing by Evander Kane.
18:42 of 1st period - Jean-Gabriel Pageau wins face-off versus Joe Thornton in Islanders zone.
18:47 of 1st period - Slapshot by Brock McGinn.
18:47 of 1st period - Shot Misses the Net.
19:48 of 1st period - Slapshot by Evander Kane.
19:48 of 1st period - Shot Misses the Net.
Goals for this period are 1 for Lightning vs 0 for Islanders.
Shots for this period are 1 for Lightning vs 3 for Islanders.
2nd period
0:01 of 2nd period - Bobby Ryan wins face-off versus Joe Thornton in neutral zone.
0:10 of 2nd period - Snap shot by Bobby Ryan.
0:10 of 2nd period - Stopped by Jonathan Quick with a rebound.
0:12 of 2nd period - Snap shot by Bobby Ryan.
0:12 of 2nd period - Lightning goal is going for a video replay.
0:12 of 2nd period - The goal is refused. The puck has been kicked using a distinct kicking motion..
0:13 of 2nd period - Joe Thornton wins face-off versus Jean-Gabriel Pageau in Islanders zone.
0:38 of 2nd period - Jay Bouwmeester is hit by Rickard Rakell.
0:52 of 2nd period - Ladislav Smid is hit by Joe Thornton and loses puck.
1:05 of 2nd period - Backhand shot by Stephen Weiss.
1:05 of 2nd period - Shot Misses the Net.
1:07 of 2nd period - Wrist shot by Jesper Fast.
1:07 of 2nd period - Shot Misses the Net.
1:09 of 2nd period - Snap shot by Clarke MacArthur.
1:09 of 2nd period - Stopped by Jonathan Quick without a rebound.
1:10 of 2nd period - Stephen Weiss wins face-off versus David Legwand in Islanders zone.
1:11 of 2nd period - Backhand shot by Jesper Fast.
1:11 of 2nd period - Shot Misses the Net.
1:37 of 2nd period - Snap shot by Jean-Gabriel Pageau.
1:37 of 2nd period - Stopped by Jonathan Quick with a rebound.
1:55 of 2nd period - Wrist shot by Vladimir Tarasenko.
1:55 of 2nd period - Deflect By Tomas Plekanec.
1:55 of 2nd period - Shot Blocked by Ben Lovejoy.
1:55 of 2nd period - Puck is out of play.
1:56 of 2nd period - Tomas Plekanec wins face-off versus Alexander Wennberg in Lightning zone.
1:57 of 2nd period - Snap shot by Vladimir Tarasenko.
1:57 of 2nd period - Shot Blocked by Niclas Bergfors.
2:49 of 2nd period - Slapshot by Mark Scheifele.
2:49 of 2nd period - Stopped by Jonathan Quick with a rebound.
2:51 of 2nd period - Slapshot by Ladislav Smid.
2:51 of 2nd period - Stopped by Jonathan Quick with a rebound.
2:53 of 2nd period - Slapshot by Kevin Marshall.
2:53 of 2nd period - Shot Blocked by Dustin Byfuglien.
3:07 of 2nd period - Slapshot by Vladimir Tarasenko.
3:07 of 2nd period - Shot Blocked by Stephen Weiss.
4:09 of 2nd period - David Legwand is hit by Rasmus Ristolainen and loses puck.
4:37 of 2nd period - Snap shot by Stephen Weiss.
4:37 of 2nd period - Stopped by Jonathan Quick with a rebound.
5:43 of 2nd period - Justin Schultz is hit by Justin Falk and loses puck.
6:34 of 2nd period - Joe Thornton is hit by Clarke MacArthur and loses puck.
6:59 of 2nd period - T.J. Fast is hit by Jean-Gabriel Pageau and loses puck.
8:50 of 2nd period - Jon Merrill is hit by Mike Brown and loses puck.
8:57 of 2nd period - Snap shot by Brock McGinn.
8:57 of 2nd period - Shot Blocked by T.J. Fast.
9:22 of 2nd period - Minor Penalty to Evander Kane for Interference.
9:23 of 2nd period - Mark Scheifele wins face-off versus Jiri Hudler in Islanders zone.
9:29 of 2nd period - Snap shot by Mark Scheifele.
9:29 of 2nd period - Shot Misses the Net.
9:31 of 2nd period - Snap shot by Henrik Zetterberg.
9:31 of 2nd period - Goal by Henrik Zetterberg - Lightning : 2 - Islanders : 0.
9:32 of 2nd period - Joe Thornton wins face-off versus Mark Scheifele in neutral zone.
9:37 of 2nd period - Slapshot by Evander Kane.
9:37 of 2nd period - Shot Blocked by Jon Merrill.
9:39 of 2nd period - Backhand shot by Vladimir Tarasenko.
9:39 of 2nd period - Stopped by Philipp Grubauer without a rebound.
9:40 of 2nd period - Joe Thornton wins face-off versus Mark Scheifele in Lightning zone.
9:41 of 2nd period - Snap shot by Evander Kane.
9:41 of 2nd period - Stopped by Philipp Grubauer without a rebound.
9:42 of 2nd period - Mark Scheifele wins face-off versus Joe Thornton in Lightning zone.
9:56 of 2nd period - Off-side.
9:57 of 2nd period - Alexander Wennberg wins face-off versus David Legwand in neutral zone.
10:02 of 2nd period - Slapshot by Alexander Wennberg.
10:02 of 2nd period - Stopped by Jonathan Quick without a rebound.
10:03 of 2nd period - David Legwand wins face-off versus Alexander Wennberg in Islanders zone.
10:33 of 2nd period - Snap shot by Evander Kane.
10:33 of 2nd period - Shot Misses the Net.
10:37 of 2nd period - Slapshot by Evander Kane.
10:37 of 2nd period - Stopped by Philipp Grubauer without a rebound.
10:38 of 2nd period - Joe Thornton wins face-off versus Jean-Gabriel Pageau in Lightning zone.
10:45 of 2nd period - Snap shot by Vladimir Tarasenko.
10:45 of 2nd period - Stopped by Philipp Grubauer without a rebound.
10:46 of 2nd period - Joe Thornton wins face-off versus Jean-Gabriel Pageau in Lightning zone.
10:55 of 2nd period - Snap shot by Joe Thornton.
10:55 of 2nd period - Shot Misses the Net.
10:57 of 2nd period - Snap shot by Joe Thornton.
10:57 of 2nd period - Shot Blocked by Jon Merrill.
10:59 of 2nd period - Wrist shot by Joe Thornton.
10:59 of 2nd period - Stopped by Philipp Grubauer with a rebound.
11:01 of 2nd period - Wrist shot by Evander Kane.
11:01 of 2nd period - Deflect By Rasmus Ristolainen.
11:01 of 2nd period - Shot Misses the Net.
11:01 of 2nd period - Puck is out of play.
11:02 of 2nd period - David Legwand wins face-off versus Mark Scheifele in Lightning zone.
11:03 of 2nd period - Wrist shot by Tomas Fleischmann.
11:03 of 2nd period - Shot Blocked by Mark Scheifele.
11:08 of 2nd period - Rasmus Ristolainen is hit by Ryan Ellis and loses puck.
11:11 of 2nd period - Slapshot by Henrik Zetterberg.
11:11 of 2nd period - Stopped by Jonathan Quick without a rebound.
11:12 of 2nd period - David Legwand wins face-off versus Rickard Rakell in Islanders zone.
11:12 of 2nd period - David Legwand is hit by Henrik Zetterberg.
11:40 of 2nd period - Snap shot by Mark Scheifele.
11:40 of 2nd period - Shot Blocked by Mike Brown.
11:42 of 2nd period - Slapshot by Jon Merrill.
11:42 of 2nd period - Shot Hit the Post.
11:44 of 2nd period - Slapshot by Henrik Zetterberg.
11:44 of 2nd period - Stopped by Jonathan Quick without a rebound.
11:45 of 2nd period - Joe Thornton wins face-off versus Alexander Wennberg in Islanders zone.
11:45 of 2nd period - Joe Thornton is hit by Niclas Bergfors.
11:57 of 2nd period - Wrist shot by Sam Gagner.
11:57 of 2nd period - Stopped by Jonathan Quick without a rebound.
11:58 of 2nd period - Brock McGinn wins face-off versus Joe Thornton in Islanders zone.
11:59 of 2nd period - Wrist shot by Jean-Gabriel Pageau.
11:59 of 2nd period - Shot Misses the Net.
12:09 of 2nd period - Wrist shot by Evander Kane.
12:09 of 2nd period - Stopped by Philipp Grubauer without a rebound.
12:10 of 2nd period - Joe Thornton wins face-off versus Alexander Wennberg in Lightning zone.
12:26 of 2nd period - Icing by Vladimir Tarasenko.
12:27 of 2nd period - Vladimir Tarasenko wins face-off versus Brock McGinn in Islanders zone.
12:38 of 2nd period - Snap shot by Bobby Ryan.
12:38 of 2nd period - Shot Misses the Net.
12:40 of 2nd period - Slapshot by Rasmus Ristolainen.
12:40 of 2nd period - Shot Misses the Net.
12:42 of 2nd period - Wrist shot by Jean-Gabriel Pageau.
12:42 of 2nd period - Shot Blocked by Ryan Ellis.
13:37 of 2nd period - Slapshot by Niclas Bergfors.
13:37 of 2nd period - Shot Blocked by Tomas Plekanec.
14:25 of 2nd period - Slapshot by R.J. Umberger.
14:25 of 2nd period - Shot Blocked by Ladislav Smid.
14:35 of 2nd period - Fedor Tyutin is hit by Jesper Fast.
15:01 of 2nd period - Ben Lovejoy is hit by Fedor Tyutin.
15:05 of 2nd period - R.J. Umberger is hit by Sam Gagner and loses puck.
15:23 of 2nd period - Off-side.
15:24 of 2nd period - Jean-Gabriel Pageau wins face-off versus David Legwand in neutral zone.
15:51 of 2nd period - Kevin Marshall is hit by Vladimir Tarasenko and loses puck.
16:08 of 2nd period - Minor Penalty to Henrik Zetterberg for Hooking.
16:09 of 2nd period - Joe Thornton wins face-off versus Mark Scheifele in Lightning zone.
16:26 of 2nd period - Snap shot by Evander Kane.
16:26 of 2nd period - Shot Blocked by Mark Scheifele.
16:44 of 2nd period - Off-side.
16:45 of 2nd period - Mark Scheifele wins face-off versus Joe Thornton in neutral zone.
16:54 of 2nd period - Slapshot by Jay Bouwmeester.
16:54 of 2nd period - Stopped by Philipp Grubauer with a rebound.
16:58 of 2nd period - Wrist shot by Mike Brown.
16:58 of 2nd period - Stopped by Philipp Grubauer with a rebound.
17:00 of 2nd period - Slapshot by Jay Bouwmeester.
17:00 of 2nd period - Stopped by Philipp Grubauer with a rebound.
17:20 of 2nd period - Snap shot by Vladimir Tarasenko.
17:20 of 2nd period - Shot Misses the Net.
18:08 of 2nd period - Penalty to Henrik Zetterberg is over, Henrik Zetterberg is back on ice.
18:28 of 2nd period - Wrist shot by Jiri Hudler.
18:28 of 2nd period - Shot Blocked by Alexander Wennberg.
18:44 of 2nd period - Tomas Plekanec is hit by Mark Scheifele and loses puck.
19:44 of 2nd period - Jesper Fast is hit by Ryan Ellis and loses puck.
Goals for this period are 1 for Lightning vs 0 for Islanders.
Shots for this period are 12 for Lightning vs 9 for Islanders.
3rd period
0:01 of 3rd period - Jean-Gabriel Pageau wins face-off versus Joe Thornton in neutral zone.
0:58 of 3rd period - Minor Penalty to Maxim Talbot for Holding.
0:59 of 3rd period - Mark Scheifele wins face-off versus Vladimir Tarasenko in Islanders zone.
1:16 of 3rd period - Icing by Rickard Rakell.
1:17 of 3rd period - Rickard Rakell wins face-off versus Vladimir Tarasenko in Lightning zone.
1:17 of 3rd period - Rickard Rakell is hit by Evander Kane.
1:47 of 3rd period - Snap shot by Henrik Zetterberg.
1:47 of 3rd period - Shot Misses the Net.
1:49 of 3rd period - Slapshot by Henrik Zetterberg.
1:49 of 3rd period - Goal by Henrik Zetterberg - Lightning : 3 - Islanders : 0.
1:50 of 3rd period - Jean-Gabriel Pageau wins face-off versus David Legwand in neutral zone.
1:55 of 3rd period - Snap shot by Bobby Ryan.
1:55 of 3rd period - Shot Misses the Net.
1:57 of 3rd period - Snap shot by Bobby Ryan.
1:57 of 3rd period - Stopped by Jonathan Quick with a rebound.
1:59 of 3rd period - Slapshot by Justin Schultz.
1:59 of 3rd period - Shot Misses the Net.
2:01 of 3rd period - Wrist shot by Jean-Gabriel Pageau.
2:01 of 3rd period - Stopped by Jonathan Quick without a rebound.
2:02 of 3rd period - Joe Thornton wins face-off versus Mark Scheifele in Islanders zone.
2:02 of 3rd period - Joe Thornton is hit by Rasmus Ristolainen.
2:10 of 3rd period - Mark Scheifele is hit by Evander Kane.
2:13 of 3rd period - Rasmus Ristolainen is hit by Ryan Ellis and loses puck.
2:28 of 3rd period - Ryan Ellis is hit by Jean-Gabriel Pageau and loses puck.
3:07 of 3rd period - Ladislav Smid is hit by Maxim Talbot and loses puck.
3:36 of 3rd period - Off-side.
3:37 of 3rd period - Mark Scheifele wins face-off versus Joe Thornton in neutral zone.
3:40 of 3rd period - Joe Thornton is hit by Rickard Rakell.
3:46 of 3rd period - Snap shot by Evander Kane.
3:46 of 3rd period - Stopped by Philipp Grubauer without a rebound.
3:47 of 3rd period - Joe Thornton wins face-off versus Mark Scheifele in Lightning zone.
3:48 of 3rd period - Wrist shot by Evander Kane.
3:48 of 3rd period - Stopped by Philipp Grubauer with a rebound.
4:08 of 3rd period - Snap shot by Vladimir Tarasenko.
4:08 of 3rd period - Stopped by Philipp Grubauer with a rebound.
4:16 of 3rd period - Slapshot by Ryan Ellis.
4:16 of 3rd period - Shot Misses the Net.
4:40 of 3rd period - Slapshot by Mark Scheifele.
4:40 of 3rd period - Shot Misses the Net.
4:42 of 3rd period - Slapshot by Ben Lovejoy.
4:42 of 3rd period - Stopped by Jonathan Quick without a rebound.
4:43 of 3rd period - David Legwand wins face-off versus Jean-Gabriel Pageau in Islanders zone.
4:54 of 3rd period - Snap shot by Tomas Fleischmann.
4:54 of 3rd period - Goal by Tomas Fleischmann - Lightning : 3 - Islanders : 1.
4:55 of 3rd period - Jean-Gabriel Pageau wins face-off versus Mike Brown in neutral zone.
5:20 of 3rd period - Evander Kane is hit by Henrik Zetterberg and loses puck.
5:29 of 3rd period - Slapshot by Henrik Zetterberg.
5:29 of 3rd period - Shot Blocked by Vladimir Tarasenko.
5:31 of 3rd period - Snap shot by Rickard Rakell.
5:31 of 3rd period - Deflect By Henrik Zetterberg.
5:31 of 3rd period - Shot Misses the Net.
5:31 of 3rd period - Puck is out of play.
5:32 of 3rd period - David Legwand wins face-off versus Alexander Wennberg in Islanders zone.
5:35 of 3rd period - Wrist shot by Alexander Wennberg.
5:35 of 3rd period - Stopped by Jonathan Quick without a rebound.
5:36 of 3rd period - Alexander Wennberg wins face-off versus David Legwand in Islanders zone.
5:47 of 3rd period - Wrist shot by Sam Gagner.
5:47 of 3rd period - Stopped by Jonathan Quick without a rebound.
5:48 of 3rd period - Jean-Gabriel Pageau wins face-off versus Joe Thornton in Islanders zone.
6:01 of 3rd period - Snap shot by Rasmus Ristolainen.
6:01 of 3rd period - Shot Blocked by Fedor Tyutin.
6:03 of 3rd period - Slapshot by Rasmus Ristolainen.
6:03 of 3rd period - Shot Misses the Net.
6:20 of 3rd period - Snap shot by Mark Scheifele.
6:20 of 3rd period - Shot Misses the Net.
6:40 of 3rd period - Wrist shot by Clarke MacArthur.
6:40 of 3rd period - Stopped by Jonathan Quick with a rebound.
7:02 of 3rd period - Slapshot by Rasmus Ristolainen.
7:02 of 3rd period - Deflect By Maxim Talbot.
7:02 of 3rd period - Stopped by Jonathan Quick with a rebound.
7:04 of 3rd period - Snap shot by Jon Merrill.
7:04 of 3rd period - Stopped by Jonathan Quick with a rebound.
7:06 of 3rd period - Snap shot by Bobby Ryan.
7:06 of 3rd period - Deflect By Jean-Gabriel Pageau.
7:06 of 3rd period - Stopped by Jonathan Quick without a rebound.
7:07 of 3rd period - Mark Scheifele wins face-off versus Vladimir Tarasenko in Islanders zone.
7:23 of 3rd period - Minor Penalty to Evander Kane for Roughing.
7:24 of 3rd period - Mark Scheifele wins face-off versus Vladimir Tarasenko in Islanders zone.
7:50 of 3rd period - Alexander Wennberg is hit by Zac Rinaldo.
7:54 of 3rd period - Snap shot by Rasmus Ristolainen.
7:54 of 3rd period - Shot Blocked by Ryan Ellis.
7:56 of 3rd period - Slapshot by Alexander Wennberg.
7:56 of 3rd period - Shot Blocked by Fedor Tyutin.
7:58 of 3rd period - Wrist shot by Niclas Bergfors.
7:58 of 3rd period - Stopped by Jonathan Quick with a rebound.
8:00 of 3rd period - Slapshot by Justin Schultz.
8:00 of 3rd period - Stopped by Jonathan Quick without a rebound.
8:01 of 3rd period - Mark Scheifele wins face-off versus Vladimir Tarasenko in Islanders zone.
8:12 of 3rd period - Wrist shot by Henrik Zetterberg.
8:12 of 3rd period - Shot Misses the Net.
8:14 of 3rd period - Snap shot by Ladislav Smid.
8:14 of 3rd period - Deflect By Vladimir Tarasenko.
8:14 of 3rd period - Stopped by Jonathan Quick without a rebound.
8:15 of 3rd period - Mark Scheifele wins face-off versus Vladimir Tarasenko in Islanders zone.
8:16 of 3rd period - Slapshot by Henrik Zetterberg.
8:16 of 3rd period - Stopped by Jonathan Quick without a rebound.
8:17 of 3rd period - Vladimir Tarasenko wins face-off versus Mark Scheifele in Islanders zone.
8:25 of 3rd period - Off-side.
8:26 of 3rd period - Mark Scheifele wins face-off versus Vladimir Tarasenko in neutral zone.
9:23 of 3rd period - Penalty to Evander Kane is over, Evander Kane is back on ice.
9:27 of 3rd period - Icing by Vladimir Tarasenko.
9:28 of 3rd period - David Legwand wins face-off versus Stephen Weiss in Islanders zone.
9:43 of 3rd period - Wrist shot by David Legwand.
9:43 of 3rd period - Deflect By Tomas Fleischmann.
9:43 of 3rd period - Shot Blocked by Jesper Fast.
9:43 of 3rd period - Puck is out of play.
9:44 of 3rd period - Jean-Gabriel Pageau wins face-off versus Joe Thornton in Lightning zone.
10:16 of 3rd period - Snap shot by Mike Brown.
10:16 of 3rd period - Shot Misses the Net.
11:02 of 3rd period - Slapshot by Ladislav Smid.
11:02 of 3rd period - Stopped by Jonathan Quick with a rebound.
11:19 of 3rd period - Wrist shot by Mark Scheifele.
11:19 of 3rd period - Shot Blocked by Justin Falk.
11:25 of 3rd period - Ben Lovejoy is hit by Justin Falk and loses puck.
11:36 of 3rd period - Zac Rinaldo is hit by Clarke MacArthur and loses puck.
12:04 of 3rd period - Icing by Niclas Bergfors.
12:05 of 3rd period - R.J. Umberger wins face-off versus Alexander Wennberg in Lightning zone.
12:08 of 3rd period - Snap shot by Maxim Talbot.
12:08 of 3rd period - Stopped by Philipp Grubauer with a rebound.
12:46 of 3rd period - Icing by Jon Merrill.
12:47 of 3rd period - Alexander Wennberg wins face-off versus Joe Thornton in Lightning zone.
12:47 of 3rd period - Alexander Wennberg is hit by Evander Kane.
12:53 of 3rd period - Slapshot by Rasmus Ristolainen.
12:53 of 3rd period - Stopped by Jonathan Quick with a rebound.
12:55 of 3rd period - Slapshot by Jon Merrill.
12:55 of 3rd period - Shot Misses the Net.
12:57 of 3rd period - Wrist shot by Sam Gagner.
12:57 of 3rd period - Shot Misses the Net.
12:59 of 3rd period - Slapshot by Sam Gagner.
12:59 of 3rd period - Shot Misses the Net.
13:01 of 3rd period - Snap shot by Sam Gagner.
13:01 of 3rd period - Shot Misses the Net.
13:03 of 3rd period - Slapshot by Niclas Bergfors.
13:03 of 3rd period - Stopped by Jonathan Quick with a rebound.
13:05 of 3rd period - Slapshot by Rasmus Ristolainen.
13:05 of 3rd period - Stopped by Jonathan Quick without a rebound.
13:06 of 3rd period - Jean-Gabriel Pageau wins face-off versus David Legwand in Islanders zone.
13:09 of 3rd period - Wrist shot by Jean-Gabriel Pageau.
13:09 of 3rd period - Shot Misses the Net.
13:27 of 3rd period - Minor Penalty to T.J. Fast for High sticking.
13:28 of 3rd period - Mark Scheifele wins face-off versus Vladimir Tarasenko in Islanders zone.
13:39 of 3rd period - Snap shot by Henrik Zetterberg.
13:39 of 3rd period - Shot Misses the Net.
13:41 of 3rd period - Slapshot by Rasmus Ristolainen.
13:41 of 3rd period - Stopped by Jonathan Quick with a rebound.
13:56 of 3rd period - Icing by Brock McGinn.
13:57 of 3rd period - Joe Thornton wins face-off versus Alexander Wennberg in Lightning zone.
14:00 of 3rd period - Slapshot by Joe Thornton.
14:00 of 3rd period - Shot Misses the Net.
14:42 of 3rd period - Snap shot by Brock McGinn.
14:42 of 3rd period - Stopped by Jonathan Quick without a rebound.
14:43 of 3rd period - Mark Scheifele wins face-off versus Vladimir Tarasenko in Islanders zone.
14:54 of 3rd period - Wrist shot by Mark Scheifele.
14:54 of 3rd period - Shot Blocked by Evander Kane.
14:56 of 3rd period - Wrist shot by Justin Schultz.
14:56 of 3rd period - Shot Blocked by Ryan Ellis.
14:58 of 3rd period - Wrist shot by Ladislav Smid.
14:58 of 3rd period - Deflect By Henrik Zetterberg.
14:58 of 3rd period - Shot Misses the Net.
14:58 of 3rd period - Puck is out of play.
14:59 of 3rd period - Mark Scheifele wins face-off versus Vladimir Tarasenko in Islanders zone.
15:27 of 3rd period - Penalty to T.J. Fast is over, T.J. Fast is back on ice.
15:31 of 3rd period - Wrist shot by Niclas Bergfors.
15:31 of 3rd period - Shot Blocked by Jay Bouwmeester.
15:47 of 3rd period - Snap shot by Maxim Talbot.
15:47 of 3rd period - Deflect By Jiri Hudler.
15:47 of 3rd period - Shot Misses the Net.
15:47 of 3rd period - Puck is out of play.
15:48 of 3rd period - Jean-Gabriel Pageau wins face-off versus Maxim Talbot in Lightning zone.
15:48 of 3rd period - Jean-Gabriel Pageau is hit by Maxim Talbot.
16:08 of 3rd period - Slapshot by Maxim Talbot.
16:08 of 3rd period - Shot Blocked by Henrik Zetterberg.
16:22 of 3rd period - Maxim Talbot is hit by Henrik Zetterberg and loses puck.
17:08 of 3rd period - Wrist shot by David Legwand.
17:08 of 3rd period - Stopped by Philipp Grubauer without a rebound.
17:09 of 3rd period - Mike Brown wins face-off versus Alexander Wennberg in Lightning zone.
17:30 of 3rd period - Minor Penalty to Sam Gagner for Roughing.
17:31 of 3rd period - Joe Thornton wins face-off versus Mark Scheifele in Lightning zone.
17:55 of 3rd period - Icing by Vladimir Tarasenko.
17:56 of 3rd period - Mark Scheifele wins face-off versus David Legwand in Islanders zone.
17:59 of 3rd period - Wrist shot by Henrik Zetterberg.
17:59 of 3rd period - Stopped by Jonathan Quick with a rebound.
18:19 of 3rd period - Slapshot by Bobby Ryan.
18:19 of 3rd period - Stopped by Jonathan Quick without a rebound.
18:20 of 3rd period - Jean-Gabriel Pageau wins face-off versus Joe Thornton in Islanders zone.
18:31 of 3rd period - Wrist shot by Jean-Gabriel Pageau.
18:31 of 3rd period - Shot Blocked by Jay Bouwmeester.
18:49 of 3rd period - Justin Schultz is hit by Jay Bouwmeester.
19:30 of 3rd period - Penalty to Sam Gagner is over, Sam Gagner is back on ice.
19:57 of 3rd period - Jiri Hudler is hit by Jesper Fast and loses puck.
Goals for this period are 1 for Lightning vs 1 for Islanders.
Shots for this period are 22 for Lightning vs 6 for Islanders.